AoeStats
← mattinstat

Lombardia

507567334Analyzed
2v2 RM · 12d ago on Sep 18, 2026· 46m 11s· 4 players
Game mode
Random Map
Map size
Medium (4 player)
Population
200
Speed
Normal
Resources
Standard
Victory
Conquest
Starting age
Dark Age
Ending age
Imperial Age
RankedLock teamsTeams togetherTeam positionsShared explorationLock speedFull tech treeHidden civsTurbo modeCheats
Victory
Defeat
🇮🇹 Byzantines · Italy
1085
+15
🇮🇹 Hindustanis · Italy
1074
+15
🇸🇪 Malians · Sweden
1101
-17
🇸🇪 Mongols · Sweden
1020
-13
Bulbu
4:35 Loom
11:27 Feudal Age
17:50 Castle Age
16:00 Double-Bit Axe
17:17 Forging
17:06 Horse Collar
20:27 Fletching
23:11 Scale Mail Armor
25:29 Town Watch
32:16 Wheelbarrow
32:19 Bloodlines
32:46 Iron Casting
33:39 Chain Mail Armor
33:21 Arson
33:37 Squires
38:33 Imperial Age
35:38 Elite Skirmisher
37:07 Light Cavalry
38:25 Husbandry
38:32 Scale Barding Armor
38:23 Bodkin Arrow
39:14 Heavy Camel Rider
40:50 Chain Barding Armor
41:01 Plate Mail Armor
40:56 Farimba
43:04 Chemistry
42:24 Ballistics
41:52 Capped Ram
43:01 Bow Saw
44:47 Conscription
Molk
5:24 Loom
5:40 Loom
10:56 Feudal Age
15:55 Castle Age
15:19 Double-Bit Axe
15:32 Horse Collar
15:49 Gold Mining
15:53 Stone Mining
25:07 Stone Mining
28:08 Wheelbarrow
31:17 Hand Cart
35:39 Bow Saw
36:55 Ballistics
38:17 Scale Mail Armor
38:28 Forging
38:37 Forging
38:33 Scale Barding Armor
39:45 Bloodlines
38:59 Light Cavalry
43:03 Imperial Age
44:53 Onager
44:56 Heavy Scorpion
Options1986
11:29 Feudal Age
15:03 Loom
19:12 Castle Age
18:54 Gold Mining
18:50 Double-Bit Axe
20:37 Crossbowman
24:34 Wheelbarrow
24:29 Fletching
27:53 Stone Mining
28:16 Bow Saw
29:20 Thumb Ring
31:49 Bloodlines
33:29 Hand Cart
33:55 Husbandry
34:28 Scale Barding Armor
40:10 Imperial Age
40:23 Forging
40:14 Heavy Camel Rider
43:25 Gold Shaft Mining
43:03 Imperial Camel Rider
45:31 Chemistry
46:59 Chain Barding Armor
47:15 Iron Casting
mattinstat
11:28 Feudal Age
9:46 Loom
17:25 Castle Age
16:20 Horse Collar
20:48 Horse Collar
21:06 Double-Bit Axe
25:03 Wheelbarrow
25:14 Gold Mining
26:21 Heavy Plow
28:43 Hand Cart
33:26 Imperial Age
30:49 Stone Mining
32:35 Gold Shaft Mining
33:45 Scale Barding Armor
33:31 Fletching
33:52 Forging
35:16 Conscription
36:20 Bodkin Arrow
36:26 Padded Archer Armor
36:05 Elite Skirmisher
39:01 Stone Shaft Mining
37:53 Heavy Camel Rider
38:33 Husbandry
39:49 Hoardings
39:45 Bracer
40:01 Leather Archer Armor
40:06 Chain Barding Armor
40:54 Chemistry
40:00 Onager
41:29 Ballistics
Connection lost

Rejoining the realm…

Still unreachable

The connection could not be restored.

Session expired

The server has moved on; the page needs a fresh start.